Unix NetHack Version 3.7.0-89 Work-in-progress - last build Sep 24 2023 19:26:52 (48e034876007844a536bf88644040a71d2893410,branch:master). Game began 2023-09-26 07:39:56, ended 2023-09-26 11:19:51. Arasaka, lawful female dwarven Cavewoman ---------------- ------------ #...............| #...........| |%.............| ## |H.........| #...............| ------------ ####@..........| #|..............| |..........-### |.........*| ##-----------.---- |.........<| # |..`......(*# ## # |...........## ------------# # |..........| # ### ------------ # # #####% ## # ####### # ### ### # #------|---# #|>...^....# #-....E.|.|### |.0.......# ---------- Arasaka the Vagrant St:18/07 Dx:14 Co:20 In:8 Wi:11 Ch:8 Lawful Dlvl:19 $:0 HP:0(113) Pw:29(30) AC:-7 Xp:11/12704 T:16444 Hungry Deaf Latest messages: You get expelled! The energy vortex touches you! You avoid harm. The energy vortex misses! You hit the energy vortex! You feel a mild tingle. The energy vortex engulfs you! You hit the energy vortex. You feel a mild tingle. You destroy the energy vortex! The frost giant rummages through a chest. You hear someone counting gold coins. The door resists! The door opens. You climb up the stairs. What do you want to wield? [- aby or ?*] y - a runed dagger (weapon in hand). What do you want to eat? [jlnoOSUX or ?*] Using your runed dagger you try to open the tin. You succeed in opening the tin. It smells like frost giants. Eat it? [yn] (n) You consume homemade frost giant. What do you want to wield? [- aby or ?*] a - an uncursed +1 club (weapon in hand). You descend the stairs. You remember this level as v. You hear someone counting gold coins. You hit the frost giant! The frost giant hits! You hit the frost giant! The frost giant hits! You hit the frost giant! The frost giant hits! You hit the frost giant! You hit the frost giant! The frost giant hits! You hit the frost giant! The frost giant hits! You kill the frost giant! There is a frost giant corpse here; eat it? [ynq] (n) Blecch! Rotten food! The world spins and goes dark. The frost giant swings his double-headed axe. The frost giant hits! The frost giant swings his double-headed axe. The frost giant hits! The frost giant swings his double-headed axe. The frost giant hits! You die... Inventory: Weapons (')') b - a blessed +2 sling (alternate weapon; not wielded) y - a blessed +0 elven dagger a - an uncursed +1 club (weapon in hand) Armor ('[') D - an uncursed greased +0 dwarvish iron helm (being worn) L - an uncursed greased +0 pair of leather gloves (being worn) Z - an uncursed +0 pair of jumping boots (being worn) v - an uncursed +0 Uruk-hai shield (being worn) s - an uncursed +0 oilskin cloak (being worn) d - a blessed +2 elven mithril-coat (being worn) Comestibles ('%') n - an uncursed taco U - an uncursed candy bar labeled "Apollo" j - an uncursed carrot l - 8 uncursed food rations O - an uncursed sprig of wolfsbane S - an uncursed tin of spinach o - an uncursed lizard corpse named tricebane Spellbooks ('+') W - a blessed spellbook of cause fear Rings ('=') g - an uncursed ring of invisibility Wands ('/') R - an uncursed wand of digging (0:6) F - an uncursed wand of polymorph (0:4) Q - an uncursed wand of striking (0:4) f - an uncursed wand of striking (0:1) Tools ('(') r - a blessed magic lamp named UC z - an uncursed stethoscope V - an uncursed tinning kit (0:61) x - an uncursed towel Gems/Stones ('*') c - 5 uncursed flint stones (in quiver pouch) Arasaka the Cavewoman's attributes: Background: You were a Vagrant, a level 11 dwarven Cavewoman. You were lawful, on a mission for Anu who was opposed by Ishtar (neutral) and Anshar (chaotic). You were in the Dungeons of Doom, on level 19. You entered the dungeon 16444 turns ago. You had 12704 experience points, 7296 more were needed to attain level 12. Basics: You had 0 out of 113 hit points. You had 29 out of 30 energy points (spell power). Your armor class was -7. Your wallet was empty. Autopickup was on for '$"?' plus thrown, with exceptions. Final Characteristics: Your strength was 18/07 (limit:18/100). Your dexterity was 14 (limit:20). Your constitution was 20 (limit:20). Your intelligence was 8 (limit:16). Your wisdom was 11 (limit:16). Your charisma was 8 (limit:16). Final Status: You were deaf. You were hungry. You were unencumbered. You were wielding a club. You had expert skill with club. Final Attributes: You were piously aligned. You were fire resistant. You were cold resistant. You were sleep resistant. You were shock resistant. You were poison resistant. You were telepathic. You had infravision. You could jump. You had a small defense bonus (+4). You were guarded. You were fast. You are dead. Miscellaneous: You disabled loading of bones levels. Total elapsed playing time was 2 hours, 2 minutes and 19 seconds. Major events: Turn 1: Arasaka the lawful dwarven Cavewoman entered the dungeon 605: entered the Gnomish Mines 1175: attained the rank of Aborigine (level 3) 3602: reached Mine Town 4665: attained the rank of Wanderer (level 6) 7093: entered Sokoban 7402: completed 1st Sokoban level 8775: attained the rank of Vagrant (level 10) 11348: completed 2nd Sokoban level 14329: completed 3rd Sokoban level 15380: completed 4th Sokoban level 16444: killed by a frost giant, while unconscious from rotten food Vanquished creatures: 2 titanotheres 2 nurses 5 frost giants a ghost 2 giant mimics a zruty 3 flesh golems an elven monarch a large mimic an air elemental a fire elemental a water elemental a black naga an elf-noble 3 small mimics a warhorse 3 xans 2 ogre leaders 2 trolls a wood golem 2 gelatinous cubes a freezing sphere 2 flaming spheres 2 large cats a tiger an ochre jelly 2 energy vortices a mountain centaur a human mummy a red naga a cobra 2 wraiths a leather golem a Grey-elf a chameleon a giant beetle a quivering blob a cockatrice 4 wolves a lynx a panther a leprechaun a giant spider a scorpion a horse a black light a dwarf mummy an ogre a brown pudding an owlbear 2 yetis 2 werewolves 3 lizards a dog 2 housecats a jaguar 3 dust vortices a raven a gnome mummy 4 snakes an ape a Woodland-elf 6 soldier ants 7 bugbears 2 imps a quasit 4 Mordor orcs 11 Uruk-hai a rock mole 2 ponies 2 fog clouds 3 yellow lights 3 shriekers a violet fungus a gnomish wizard a kobold mummy 2 black naga hatchlings an elf zombie 2 paper golems 5 giant ants 2 little dogs 2 floating eyes 2 dwarves 2 homunculi a kobold shaman a hill orc a rothe a rabid rat 4 centipedes a giant bat 2 monkeys 2 dwarf zombies a wererat 5 iguanas 10 killer bees a coyote a gas spore 9 manes a large kobold 9 hobgoblins 2 giant rats 3 cave spiders 4 yellow molds a red mold a gnome a gnome zombie 6 geckos 7 jackals 2 foxes 3 kobolds a goblin 4 grid bugs 6 bats 9 lichens 9 newts 267 creatures vanquished. No species were genocided or became extinct. Voluntary challenges: You read items or engraved 15 times. You engraved Elbereth 4 times. You never genocided any monsters. You never polymorphed an object. You never changed form. You used no wishes. You did not violate any of the special Sokoban rules. Achievements: You entered the Gnomish Mines. You attained the rank of Aborigine. You entered a shop. You entered Minetown. You entered a temple. You attained the rank of Wanderer. You entered Sokoban. You attained the rank of Vagrant. The Dungeons of Doom: levels 1 to 21 Level 1: A fountain. Level 2: A fountain. Level 3: "s" Stairs down to The Gnomish Mines. Level 4: A general store, a fountain. Level 5: "v" Level 6: Many fountains. Level 7: Level 8: A fountain. Level 9: Many fountains. Level 10: A grave. Stairs up to Sokoban, level 9. Level 11: A fountain. Level 12: "s" Level 13: Some fountains, a sink. Level 14: Many fountains. Level 15: A primitive area. Level 16: A fountain, a sink. Summoned by Shaman Karnov. Portal to The Quest. Level 17: Level 18: A grave. Level 19: "v" <- You were here. A grave. Final resting place for you, killed by a frost giant, while unconscious from rotten food. Level 20: A fountain. Level 21: The Gnomish Mines: levels 4 to 7 Level 4: Level 5: Level 6: Level 7: Some shops, a temple, some fountains. The Quest: Level 1: Home. Sokoban: levels 9 up to 6 Level 6: Solved. Level 7: Solved. Level 8: Solved. Level 9: Solved. Game over: ---------- / \ / REST \ / IN \ / PEACE \ / \ | Arasaka | | 0 Au | | killed by a | | frost giant | | | | | | 2023 | *| * * * | * _________)/\\_//(\/(/\)/\//\/|_)_______ Goodbye Arasaka the Cavewoman... You died in The Dungeons of Doom on dungeon level 19 with 44658 points, and 0 pieces of gold, after 16444 moves. You were level 11 with a maximum of 113 hit points when you died.